 Dungeon Crawl Stone Soup version 0.25-a0-578-gc91f01c39c (webtiles) character file.

Game seed: 3719453174930565177, levelgen mode: deterministic

231 EriolAelfwine the Poker (level 6, -2/47 HPs)
             Began as a Merfolk Skald on Mar 7, 2020.
             Slain by Sigmund
             ... wielding a +0 scythe
              (7 damage)
             ... on level 4 of the Dungeon.
             The game lasted 00:17:17 (4718 turns).

EriolAelfwine the Poker (Merfolk Skald)             Turns: 4718, Time: 00:17:18

Health: -2/47      AC:  4    Str: 12    XL:     6   Next: 4%
Magic:  7/9        EV: 13    Int: 13    God:
Gold:   210        SH:  0    Dex: 14    Spells: 4/10 levels left

rFire    . . .     SeeInvis .   a - +0 spear
rCold    . . .     Gourm    .   (no shield)
rNeg     . . .     Faith    .   b - +1 leather armour
rPois    .         Spirit   .   (no helmet)
rElec    .         Reflect  .   (no cloak)
rCorr    .         Harm     .   (no gloves)
MR       .....                  (no boots)
Stlth    +.........             (no amulet)
HPRegen  0.15/turn              (no ring)
MPRegen  0.11/turn              (no ring)

@: no status effects
A: change form in water, swift swim, stealthy swim
a: no special abilities


You were on level 4 of the Dungeon.
You were hungry.

You visited 1 branch of the dungeon, and saw 5 of its levels.

You collected 210 gold pieces.

Inventory:

Hand Weapons
 a - a +0 spear (weapon)
Missiles
 l - 21 poisoned darts (quivered)
Armour
 b - a +1 leather armour (worn)
Wands
 p - a wand of iceblast (11)
Scrolls
 c - a scroll of remove curse
 f - 4 scrolls of identify
Potions
 g - 2 potions of curing
 h - a potion of heal wounds
 i - a potion of cancellation
 m - a potion of mutation
 n - a potion of flight
 o - a potion of lignification
 q - a potion of brilliance
Comestibles
 d - 12 rations


   Skills:
 + Level 3.1 Fighting
 + Level 4.3 Polearms
 - Level 1.0 Armour
 + Level 3.7 Dodging
 + Level 2.5 Spellcasting
 * Level 2.2 Hexes
 + Level 4.2 Charms
 + Level 1.1 Translocations


You had 4 spell levels left.
You knew the following spells:

 Your Spells              Type           Power        Failure   Level  Hunger
a - Infusion              Chrm           ##..         5%          1    #......
b - Shroud of Golubria    Chrm/Tloc      #.....       16%         2    ###....
c - Spectral Weapon       Hex/Chrm       #.......     24%         3    ###....

Your spell library contained the following spells:

 Spells                   Type           Power        Failure   Level  Hunger
 Song of Slaying          Chrm           ##......     9%          2    ###....
 Ozocubu's Armour         Chrm/Ice       #.......     36%         3    ###....


Dungeon Overview and Level Annotations

Branches:
Dungeon (5/15)
 Temple: D:4-7

Altars:

Annotations:
D:4 Sigmund


Message History

The orc is almost dead.
The jackal closely misses you. The orc hits you but does no damage.
Something hits you.
* * * LOW HITPOINT WARNING * * *
Casting: Spectral Weapon (safe; 24% risk of failure)
Confirm with . or Enter, or press ? or * to list all spells.
Space distorts slightly along a thin shroud covering your body.
The jackal bites you but does no damage.
The orc closely misses you. The jackal barely misses you.
You hit the orc but do no damage.
The orc is almost dead.
Something completely misses you.
The jackal bites you but does no damage.
You hit the orc but do no damage.
The orc is almost dead.
The orc closely misses you. The jackal misses you.
You hit the orc but do no damage.
The orc is severely wounded.
Something hits you!
You die...

###*#.#.# ######.#,*
#####...# #......#,*
...###.?# #o######,*
...# #?.# #.# *,* ...#
#..# #.# *,* ...# #..#
#.# *,* ...# #..# #.#
*,* ...#
##.######{######.#
...####......#hh@o....#
.(..{..>.....##########
#######......# #......#
########


You could see an orc and 2 jackals.

Vanquished Creatures
  An orc priest (D:4)
  An orc wizard (D:3)
  Jessica (D:2)
  5 adders
  An ooze (D:1)
  A worm (D:2)
  4 dart slugs
  10 orcs
  A ball python (D:4)
  2 giant cockroaches
  10 hobgoblins
  10 jackals
  A quokka (D:3)
  5 bats
  5 frilled lizards
  6 goblins
  7 kobolds
  10 rats
81 creatures vanquished.

Vanquished Creatures (others)
  A spectral weapon (D:3)
1 creature vanquished.

Grand Total: 82 creatures vanquished

Notes
Turn   | Place    | Note
-------+----------+-------------------------------------------
     0 | D:1      | EriolAelfwine the Merfolk Skald began the quest for the
                  | Orb.
     0 | D:1      | Reached XP level 1. HP: 16/16 MP: 3/3
   124 | D:1      | Reached XP level 2. HP: 23/23 MP: 5/5
   737 | D:1      | Reached XP level 3. HP: 28/28 MP: 6/6
   937 | D:2      | Learned a level 2 spell: Shroud of Golubria
   941 | D:2      | Learned a level 3 spell: Spectral Weapon
  1605 | D:2      | Noticed Jessica
  1624 | D:2      | Killed Jessica
  1624 | D:2      | Reached skill level 1 in Hexes
  1624 | D:2      | Reached XP level 4. HP: 28/34 MP: 0/7
  1849 | D:2      | Found a faded altar of an unknown god.
  2831 | D:3      | Reached skill level 1 in Armour
  2831 | D:3      | Reached XP level 5. HP: 37/40 MP: 5/8
  3903 | D:4      | Reached skill level 1 in Translocations
  3909 | D:4      | Noticed an ogre
  4411 | D:4      | Reached XP level 6. HP: 41/47 MP: 3/9
  4580 | D:4      | Noticed Sigmund
  4645 | D:5      | Entered Level 5 of the Dungeon
  4718 | D:4      | Slain by Sigmund

Levels and vault maps discovered:
D:1:      co_arrival_square_in_a_square_in_a_square, layout_loops_ring,
          minmay_misc_feat_x
D:2:      layout_basic, chequers_ecumenical_altar_grove, uniq_jessica
D:3:      layout_basic, first_ration, serial_forest, infiniplex_forest_end_2,
          infiniplex_forest_clump_small, infiniplex_forest_clump_cross,
          infiniplex_forest_lined_3_way, infiniplex_forest_lined_2,
          infiniplex_forest_straight_2, infiniplex_forest_clump_tiny,
          infiniplex_forest_clump_large, infiniplex_forest_end_2
D:4:      layout_basic, uniq_sigmund
D:5:      layout_rooms, minitemple, serial_shops, shop

Skill      XL: |  1  2  3  4  5 |
---------------+----------------+-----
Dodging        | 3 |  3.7
Hexes          | 1 2 |  2.2
Charms         | 4 |  4.2
Polearms       | 4 |  4.3
Armour         | 1 |  1.0
Fighting       | 3 |  3.1
Translocations | 1 |  1.1
Spellcasting   | |  2.5

Action                   |  1- 3 |  4- 6 || total
-------------------------+-------+-------++-------
Melee: Spear             |   121 |   249 ||   370
 Cast: Infusion          |     4 |       ||     4
       Shroud of Golubri |     2 |    13 ||    15
       Spectral Weapon   |     1 |    10 ||    11
  Use: Scroll            |       |    14 ||    14
       Potion            |       |     1 ||     1
 Stab: Sleeping          |     2 |       ||     2
  Eat: Chunk             |     2 |    13 ||    15
Armor: Leather armour    |    12 |    69 ||    81
Dodge: Dodged            |    59 |   181 ||   240

Table legend:
 A = Non-vault XP
 B = Vault XP
 C = Vault XP percentage of total XP
 D = Non-vault monster count
 E = Vault monster count
 F = Vault count percentage of total count
                 A         B        C        D         E       F
            +---------+---------+-------+---------+---------+-------
      Total |     294 |      37 |  11.2 |      80 |       1 |   1.2
            +---------+---------+-------+---------+---------+-------
        D:1 |      37 |       0 |   0.0 |      19 |       0 |   0.0
        D:2 |      57 |      37 |  39.4 |      25 |       1 |   3.8
        D:3 |     117 |       0 |   0.0 |      23 |       0 |   0.0
        D:4 |      83 |       0 |   0.0 |      13 |       0 |   0.0
            +---------+---------+-------+---------+---------+-------
